TOP OF THE 1ST |
London Majors batting - Pitching for Canton Indians : LHP Oscar Moreno
|
Pitching: LHP Oscar Moreno
|
|
Batting: RHB Stephen Casteel
|
0-0: Foul Ball, location: 2F 0-1: Fly out, F9 (Line Drive, 9, EV 93.1 MPH)
|
Batting: RHB Dustin Bargman
|
0-0: Ball 1-0: Ground out 4-3 (Groundball, 4S, EV 83.8 MPH)
|
Batting: RHB Bill Murray
|
0-0: Called Strike 0-1: Swinging Strike 0-2: Strikes out swinging
|
Top of the 1st over - 0 runs, 0 hits, 0 errors, 0 left on base; London 0 - Canton 0 |
BOTTOM OF THE 1ST |
Canton Indians batting - Pitching for London Majors : RHP Gu Won
|
Pitching: RHP Gu Won
|
|
Batting: RHB Jason Roberts
|
0-0: Ball 1-0: Ground out 5-3 (Groundball, 56, EV 81.2 MPH)
|
Batting: RHB John Bianconi
|
0-0: Ball 1-0: Foul Ball, location: 2F 1-1: SINGLE (Line Drive, 4M, EV 94.4 MPH)
|
Batting: LHB Dave Key
|
0-0: Ball 1-0: Foul Ball, location: 2F 1-1: Called Strike 1-2: Ball 2-2: Ball 3-2: Fly out, F8 (Line Drive, 8LM, EV 86.2 MPH)
|
Batting: LHB Jeff Palmowski
|
0-0: Fly out, F5 (Popup, 5L, EV 76.9 MPH)
|
Bottom of the 1st over - 0 runs, 1 hit, 0 errors, 1 left on base; London 0 - Canton 0 |
TOP OF THE 2ND |
London Majors batting - Pitching for Canton Indians : LHP Oscar Moreno
|
Batting: RHB Luis Gomez
|
0-0: Ball 1-0: Ball 2-0: Ball 3-0: Base on Balls
|
Batting: LHB Eric Toney
|
0-0: Called Strike Luis Gomez steals 2nd base 0-1: Foul Ball, location: 2F 0-2: Ball 1-2: Strikes out looking
|
Batting: RHB Pete Duncan
|
0-0: Foul Ball, location: 2F 0-1: DOUBLE (Line Drive, 78XD, EV 110.0 MPH) Luis Gomez scores
|
Batting: SHB Dominik Hasek II
|
0-0: Called Strike 0-1: Ball 1-1: Swinging Strike 1-2: Ball 2-2: Strikes out swinging
|
Batting: RHB Terry Plumley
|
0-0: Ball 1-0: Swinging Strike 1-1: Ball 2-1: Foul Ball, location: 2F 2-2: Foul Ball, location: 2F 2-2: Strikes out swinging
|
Top of the 2nd over - 1 run, 1 hit, 0 errors, 1 left on base; London 1 - Canton 0 |
BOTTOM OF THE 2ND |
Canton Indians batting - Pitching for London Majors : RHP Gu Won
|
Batting: LHB Shane Montalvo
|
0-0: SINGLE (Line Drive, 8RS, EV 101.2 MPH)
|
Batting: RHB Jesus Montana
|
0-0: Ball 1-0: Swinging Strike 1-1: Called Strike 1-2: Foul Ball, location: 2F 1-2: Foul Ball, location: 2F 1-2: Ball 2-2: Fly out, F8 (Flyball, 8RS, EV 95.0 MPH)
|
Batting: LHB Justin Eargle
|
0-0: SINGLE (Groundball, 6M, EV 105.6 MPH) (infield hit) Shane Montalvo to second
|
Batting: SHB Jay Rook
|
0-0: Ball 1-0: Ball 2-0: Foul Ball, location: 2F 2-1: Ball 3-1: Base on Balls Shane Montalvo to third Justin Eargle to second
|
Batting: SHB Javon Mitchell
|
0-0: Called Strike 0-1: Foul Ball, location: 2F 0-2: Ball 1-2: Ground out 4-3 (Groundball, 34D, EV 101.9 MPH) Shane Montalvo scores Justin Eargle to third Jay Rook to second
|
Batting: RHB Jason Roberts
|
0-0: Ball 1-0: Fly out, F8 (Flyball, 8LM, EV 97.5 MPH)
|
Bottom of the 2nd over - 1 run, 2 hits, 0 errors, 2 left on base; London 1 - Canton 1 |
TOP OF THE 3RD |
London Majors batting - Pitching for Canton Indians : LHP Oscar Moreno
|
Batting: RHB Mikey Sano
|
0-0: Ball 1-0: Foul Ball, location: 2F 1-1: Ground out 6-3 (Groundball, 6, EV 90.6 MPH)
|
Batting: RHB Stephen Casteel
|
0-0: Called Strike 0-1: Swinging Strike 0-2: Fly out, F8 (Line Drive, 8LD, EV 91.9 MPH)
|
Batting: RHB Dustin Bargman
|
0-0: Called Strike 0-1: Ground out 4-3 (Groundball, 4, EV 79.4 MPH)
|
Top of the 3rd over - 0 runs, 0 hits, 0 errors, 0 left on base; London 1 - Canton 1 |
BOTTOM OF THE 3RD |
Canton Indians batting - Pitching for London Majors : RHP Gu Won
|
Batting: RHB John Bianconi
|
0-0: Called Strike 0-1: Called Strike 0-2: Ball 1-2: Ball 2-2: Ground out 6-3 (Groundball, 6, EV 86.9 MPH)
|
Batting: LHB Dave Key
|
0-0: Ball 1-0: Ball 2-0: Foul Ball, location: 2F 2-1: DOUBLE (Line Drive, 7LM, EV 105.0 MPH)
|
Batting: LHB Jeff Palmowski
|
0-0: Ball 1-0: Ball 2-0: Ball 3-0: Called Strike 3-1: Base on Balls
|
Batting: LHB Shane Montalvo
|
0-0: Ball 1-0: Ball 2-0: Ball 3-0: Called Strike 3-1: Foul Ball, location: 2F 3-2: Fly out, F8 (Flyball, 8RM, EV 76.2 MPH)
|
Batting: RHB Jesus Montana
|
0-0: Foul Ball, location: 2F 0-1: Swinging Strike 0-2: Fly out, F8 (Line Drive, 8LD, EV 90.0 MPH)
|
Bottom of the 3rd over - 0 runs, 1 hit, 0 errors, 2 left on base; London 1 - Canton 1 |
TOP OF THE 4TH |
London Majors batting - Pitching for Canton Indians : LHP Oscar Moreno
|
Batting: RHB Bill Murray
|
0-0: Ground out 6-3 (Groundball, 6, EV 88.1 MPH)
|
Batting: RHB Luis Gomez
|
0-0: Ball 1-0: Ball 2-0: Called Strike 2-1: Foul Ball, location: 2F 2-2: Fly out, F8 (Flyball, 8LXD, EV 93.1 MPH)
|
Batting: LHB Eric Toney
|
0-0: Ball 1-0: Foul Ball, location: 2F 1-1: Ball 2-1: Foul Ball, location: 2F 2-2: Strikes out swinging
|
Top of the 4th over - 0 runs, 0 hits, 0 errors, 0 left on base; London 1 - Canton 1 |
BOTTOM OF THE 4TH |
Canton Indians batting - Pitching for London Majors : RHP Gu Won
|
Batting: LHB Justin Eargle
|
0-0: Ball 1-0: Ball 2-0: Ball 3-0: Base on Balls
|
Batting: SHB Jay Rook
|
0-0: Called Strike 0-1: Foul Ball, location: 2F 0-2: Ball 1-2: Fly out, F9 (Line Drive, 9D, EV 93.1 MPH)
|
Batting: SHB Javon Mitchell
|
0-0: Called Strike 0-1: Fly out, F9 (Flyball, 89D, EV 78.8 MPH)
|
Batting: RHB Jason Roberts
|
0-0: Ball 1-0: Ball 2-0: Ball 3-0: Called Strike 3-1: Foul Ball, location: 2F 3-2: Ground out 5-3 (Groundball, 56, EV 103.1 MPH)
|
Bottom of the 4th over - 0 runs, 0 hits, 0 errors, 1 left on base; London 1 - Canton 1 |
TOP OF THE 5TH |
London Majors batting - Pitching for Canton Indians : LHP Oscar Moreno
|
Batting: RHB Pete Duncan
|
0-0: Ball 1-0: Called Strike 1-1: Ball 2-1: Swinging Strike 2-2: Strikes out looking
|
Batting: SHB Dominik Hasek II
|
0-0: Swinging Strike 0-1: Foul Ball, location: 2F 0-2: Strikes out swinging
|
Batting: RHB Terry Plumley
|
0-0: Foul Ball, location: 2F 0-1: Ball 1-1: Called Strike 1-2: Fly out, F8 (Flyball, 89D, EV 97.5 MPH)
|
Top of the 5th over - 0 runs, 0 hits, 0 errors, 0 left on base; London 1 - Canton 1 |
BOTTOM OF THE 5TH |
Canton Indians batting - Pitching for London Majors : RHP Gu Won
|
Batting: RHB John Bianconi
|
0-0: Called Strike 0-1: Ball 1-1: Ball 2-1: Foul Ball, location: 2F 2-2: Ball 3-2: Base on Balls
|
Batting: LHB Dave Key
|
0-0: Ball John Bianconi steals 2nd base 1-0: SINGLE (Groundball, 4MD, EV 99.4 MPH) John Bianconi to third
|
Batting: LHB Jeff Palmowski
|
0-0: SINGLE (Groundball, 34D, EV 98.1 MPH) John Bianconi scores Dave Key to second Runner from 2nd tries for 3rd, SAFE, throw by RF made to third
|
Batting: LHB Shane Montalvo
|
0-0: Ball 1-0: Ball 2-0: Ball 3-0: Base on Balls Jeff Palmowski to second
|
Batting: RHB Jesus Montana
|
0-0: Ball 1-0: Ball 2-0: DOUBLE (Line Drive, 78M, EV 95.6 MPH) Dave Key scores Jeff Palmowski scores Shane Montalvo to third
|
Batting: LHB Justin Eargle
|
0-0: Ball 1-0: Ball 2-0: Ground out U3 (Groundball, 3, EV 90.6 MPH)
|
Batting: SHB Jay Rook
|
0-0: Ball 1-0: Ball 2-0: Ball 3-0: Base on Balls
|
Batting: SHB Javon Mitchell
|
0-0: Ball 1-0: Grounds into fielders choice 4-2 (Groundball, 4, EV 81.2 MPH) Jesus Montana to third Jay Rook to second
|
Batting: RHB Jason Roberts
|
0-0: Foul Ball, location: 2F 0-1: Fly out, F8 (Line Drive, 8RM, EV 93.8 MPH)
|
Bottom of the 5th over - 3 runs, 3 hits, 0 errors, 3 left on base; London 1 - Canton 4 |
TOP OF THE 6TH |
London Majors batting - Pitching for Canton Indians : LHP Oscar Moreno
|
Batting: RHB Mikey Sano
|
0-0: Ball 1-0: Ball 2-0: Foul Ball, location: 2F 2-1: Ball 3-1: Swinging Strike 3-2: Strikes out looking
|
Batting: RHB Stephen Casteel
|
0-0: Swinging Strike 0-1: Ground out 4-3 (Groundball, 4, EV 86.9 MPH)
|
Batting: RHB Dustin Bargman
|
0-0: Foul Ball, location: 2F 0-1: Ball 1-1: Ball 2-1: Foul Ball, location: 2F 2-2: Foul Ball, location: 2F 2-2: Ground out 1-3 (Groundball, P, EV 68.8 MPH)
|
Top of the 6th over - 0 runs, 0 hits, 0 errors, 0 left on base; London 1 - Canton 4 |
BOTTOM OF THE 6TH |
Canton Indians batting - Pitching for London Majors : RHP Gu Won
|
Batting: RHB John Bianconi
|
0-0: Ball 1-0: Foul Ball, location: 2F 1-1: Ball 2-1: Ground out 6-3 (Groundball, 6, EV 87.5 MPH)
|
Batting: LHB Dave Key
|
0-0: Ball 1-0: DOUBLE (Groundball, 5L, EV 102.5 MPH)
|
Batting: LHB Jeff Palmowski
|
0-0: Foul Ball, location: 2F 0-1: SINGLE (Groundball, 6S, EV 71.9 MPH) (infield hit) Dave Key to third
|
Pitching: LHP Bryan Reynolds
|
|
Batting: LHB Shane Montalvo
|
0-0: Swinging Strike 0-1: Ball 1-1: Swinging Strike 1-2: Foul Ball, location: 2F 1-2: Fly out, F9 (Flyball, 9LM, EV 101.9 MPH) Runner from 3rd tags up, SCORES, throw by RF
|
Batting: RHB Jesus Montana
|
0-0: Ball 1-0: Ball 2-0: Ground out 4-3 (Groundball, 4, EV 100.6 MPH)
|
Bottom of the 6th over - 1 run, 2 hits, 0 errors, 1 left on base; London 1 - Canton 5 |
TOP OF THE 7TH |
London Majors batting - Pitching for Canton Indians : LHP Oscar Moreno
|
Batting: RHB Bill Murray
|
0-0: Fly out, F8 (Flyball, 8RXD, EV 108.1 MPH)
|
Batting: RHB Luis Gomez
|
0-0: Ball 1-0: Swinging Strike 1-1: Foul Ball, location: 2F 1-2: Ball 2-2: Ball 3-2: Fly out, F8 (Flyball, 8LM, EV 77.5 MPH)
|
Batting: LHB Eric Toney
|
0-0: Called Strike 0-1: Ball 1-1: Ball 2-1: Ball 3-1: Foul Ball, location: 2F 3-2: Foul Ball, location: 2F 3-2: Foul Ball, location: 2F 3-2: Strikes out swinging
|
Top of the 7th over - 0 runs, 0 hits, 0 errors, 0 left on base; London 1 - Canton 5 |
BOTTOM OF THE 7TH |
Canton Indians batting - Pitching for London Majors : LHP Bryan Reynolds
|
Batting: LHB Justin Eargle
|
0-0: Ball 1-0: Called Strike 1-1: Swinging Strike 1-2: Foul Ball, location: 2F 1-2: Ground out 4-3 (Groundball, 4, EV 105.6 MPH)
|
Batting: SHB Jay Rook
|
0-0: Ball 1-0: Called Strike 1-1: Foul Ball, location: 2F 1-2: Fly out, F7 (Line Drive, 7, EV 87.5 MPH)
|
Batting: SHB Javon Mitchell
|
0-0: Ball 1-0: Ball 2-0: Called Strike 2-1: Swinging Strike 2-2: Strikes out looking
|
Bottom of the 7th over - 0 runs, 0 hits, 0 errors, 0 left on base; London 1 - Canton 5 |
TOP OF THE 8TH |
London Majors batting - Pitching for Canton Indians : LHP Oscar Moreno
|
Batting: RHB Pete Duncan
|
0-0: Ball 1-0: SINGLE (Groundball, 4MD, EV 105.0 MPH) (infield hit)
|
Batting: SHB Dominik Hasek II
|
0-0: Swinging Strike 0-1: Swinging Strike 0-2: Ball 1-2: Ball 2-2: Strikes out swinging
|
Batting: RHB Terry Plumley
|
0-0: Foul Ball, location: 2F 0-1: Ball 1-1: Ball 2-1: Ball 3-1: Base on Balls Pete Duncan to second
|
Batting: RHB Mikey Sano
|
0-0: Called Strike 0-1: Swinging Strike 0-2: Foul Ball, location: 2F 0-2: Strikes out swinging
|
Batting: RHB Stephen Casteel
|
0-0: Foul Ball, location: 2F 0-1: Ball 1-1: Ball 2-1: Foul Ball, location: 2F 2-2: DOUBLE (Groundball, 5L, EV 101.2 MPH) Pete Duncan scores Terry Plumley to third Runner from 3rd tries for Home, SAFE, throw by LF to home
|
Pitching: RHP Gilbert Paparelli
|
|
Now at 1B: Aaron Stout
|
|
Now in LF: Jason Roberts
|
|
Now in CF: Jonathan Livingston
|
|
Now in RF: Shane Montalvo
|
|
Batting: RHB Dustin Bargman
|
0-0: Ground out 6-3 (Groundball, 6, EV 106.2 MPH)
|
Top of the 8th over - 2 runs, 2 hits, 0 errors, 1 left on base; London 3 - Canton 5 |
BOTTOM OF THE 8TH |
Canton Indians batting - Pitching for London Majors : LHP Bryan Reynolds
|
Batting: RHB Jason Roberts
|
0-0: Foul Ball, location: 2F 0-1: TRIPLE (Flyball, 89XD, EV 95.6 MPH)
|
Batting: RHB John Bianconi
|
0-0: Called Strike 0-1: Foul Ball, location: 2F 0-2: Ball 1-2: Strikes out swinging
|
Batting: LHB Dave Key
|
0-0: Ground out 4-3 (Groundball, 4, EV 83.1 MPH)
|
Batting: LHB Jeff Palmowski
|
0-0: Ball 1-0: Swinging Strike 1-1: Foul Ball, location: 2F 1-2: Foul Ball, location: 2F 1-2: Strikes out swinging
|
Bottom of the 8th over - 0 runs, 1 hit, 0 errors, 1 left on base; London 3 - Canton 5 |
TOP OF THE 9TH |
London Majors batting - Pitching for Canton Indians : RHP Gilbert Paparelli
|
Batting: RHB Bill Murray
|
0-0: Called Strike 0-1: SOLO HOME RUN (Flyball, 7LD, EV 94.4 MPH), Distance : 351 ft
|
Batting: RHB Luis Gomez
|
0-0: Foul Ball, location: 2F 0-1: Called Strike 0-2: Foul Ball, location: 2F 0-2: Ball 1-2: Fly out, F8 (Flyball, 89D, EV 91.2 MPH)
|
Batting: LHB Eric Toney
|
0-0: Ball 1-0: Foul Ball, location: 2F 1-1: Ball 2-1: Foul Ball, location: 2F 2-2: Foul Ball, location: 2F 2-2: Foul Ball, location: 2F 2-2: Foul Ball, location: 2F 2-2: Ball 3-2: Foul Ball, location: 2F 3-2: Strikes out swinging
|
Batting: RHB Pete Duncan
|
0-0: Swinging Strike 0-1: Foul Ball, location: 2F 0-2: Ground out 1-3 (Groundball, 15S, EV 70.0 MPH)
|
Top of the 9th over - 1 run, 1 hit, 0 errors, 0 left on base; London 4 - Canton 5 |
|